 Dungeon Crawl Stone Soup version 0.30-a0-862-g1aabd4f9c5 (webtiles) character file.

Game seed: 8269859143753125935

4580 MacCMillion the Cleaver (level 10, -7/74 HPs)
             Began as a Formicid Fighter on Mar 9, 2023.
             Was an Elder of Okawaru.
             Mangled by a blink frog (15 damage)
             ... on level 8 of the Dungeon.
             The game lasted 00:18:14 (10553 turns).

MacCMillion the Cleaver (Formicid Fighter)         Turns: 10553, Time: 00:18:15

Health: -7/74      AC: 11    Str: 24    XL:     10   Next: 68%
Magic:  13/13      EV:  8    Int:  9    God:    Okawaru [****..]
Gold:   485        SH:  5    Dex: 13    Spells: 9/9 levels left

rFire   + . .      SeeInvis +    t - +3 hand axe
rCold   . . .      Faith    .    c - +0 buckler
rNeg    . . .      Spirit   .    v - +0 chain mail
rPois   .          Reflect  .    (helmet unavailable)
rElec   .          Rampage  .    n - scarf {repulsion}
rCorr   .                        E - +0 pair of gloves
Will    +....                    (no boots) Stlth
                                 (no amulet)
HPRegen 0.32/turn                F - ring of protection from fire
MPRegen 0.13/turn                (no ring)

@: repel missiles
A: permanent stasis, dig shafts and tunnels, antennae 3, four strong arms
a: Dig, Shaft Self, Renounce Religion, Heroism, Finesse


You were on level 8 of the Dungeon.
You worshipped Okawaru.
Okawaru was greatly pleased with you.
You visited 3 branches of the dungeon, and saw 10 of its levels.

You collected 509 gold pieces.
You spent 24 gold pieces at shops.

Inventory:

Hand Weapons
 a - a +0 war axe
 t - a +3 hand axe (weapon)
Missiles
 m - a throwing net
 o - 8 atropa-tipped darts (quivered)
 s - 18 poisoned darts
 K - 6 javelins
 L - 3 boomerangs of dispersal
Armour
 c - a +0 buckler (worn)
 i - a +0 pair of gloves
 n - a scarf of repulsion (worn)
 v - a +0 chain mail (worn)
 E - a +0 pair of gloves (worn)
Jewellery
 p - a ring of magical power
 z - an amulet of faith
 F - a ring of protection from fire (left hand)
 H - a ring of protection from cold
Wands
 q - a wand of flame (6)
Scrolls
 b - a scroll of enchant weapon
 e - a scroll of poison {unknown}
 f - 2 scrolls of vulnerability {unknown}
 j - 3 scrolls of teleportation
 r - 2 scrolls of fog
 w - a scroll of immolation {unknown}
 x - a scroll of blinking {unknown}
 y - 2 scrolls of amnesia {unknown}
 I - a scroll of noise {unknown}
 J - 2 scrolls of identify
Potions
 d - 5 potions of might
 g - 2 potions of resistance
 h - 7 potions of curing
 k - a potion of mutation
 l - 2 potions of degeneration
 u - a potion of berserk rage
 A - 3 potions of flight
 B - a potion of haste {unknown}
 C - a potion of lignification {unknown}
 D - 2 potions of attraction {unknown}
 G - a potion of magic {unknown}


   Skills:
 - Level 5.0 Fighting
 * Level 13.1 Axes
 - Level 3.0 Throwing
 - Level 4.9 Armour
 - Level 4.0 Shields
 - Level 5.0 Invocations


You had 9 spell levels left.
You didn't know any spells.
Your spell library contained the following spells:

 Spells                   Type           Power      Damage    Failure   Level
 Ignite Poison            Fire/Tmut/Pois 0%         N/A       100%        3
 Kindle Blastsparks       Fire/Tloc/Air  0%         2d10      100%        3
 Ozocubu's Armour         Ice            0%         N/A       100%        3
 Leda's Liquefaction      Hex/Erth       0%         N/A       100%        4
 Petrify                  Tmut/Erth      0%         N/A       100%        4
 Freezing Cloud           Conj/Ice/Air   0%         6-21      100%        5
 Lee's Rapid Deconstruct  Erth           0%         3d4*      100%        5
 Metabolic Englaciation   Hex/Ice        0%         N/A       100%        5
 Statue Form              Tmut/Erth      0%         N/A       100%        6
 Simulacrum               Ice/Necr       Unusable   N/A       N/A         6

Dungeon Overview and Level Annotations

Branches:
Dungeon (8/15)             Temple (1/1) D:4            Lair (1/5) D:8

Altars:
Ashenzari
Cheibriados
Dithmenos
Elyvilon
Gozag
Hepliaklqana
Kikubaaqudgha
Makhleb
Nemelex Xobeh
Okawaru
Qazlal
Ru
Sif Muna
Trog
Uskayaw
Vehumet
Wu Jian
Xom
Yredelemnul
Zin
The Shining One

Shops:
D:4 *:


Innate Abilities, Weirdness & Mutations

You cannot be hasted, slowed, berserked, paralysed or teleported.
You can dig through walls and to a lower floor.
You have a pair of large antennae on your head. (SInv)
Your four strong arms can wield two-handed weapons with a shield.


Message History

The blink frog is lightly wounded.
You closely miss the wolf.
The blink frog hits you but does no damage.
You block the wolf's attack.
You slash the wolf!
You kill the wolf!
Okawaru accepts your kill.
You can now speed up your combat.
You hit the blink frog. The blink frog closely misses you.
The blink frog barely misses you. The blink frog hits you.
Things that are here:
a +0 plate armour; a +0 halberd You slash the blink frog!
The blink frog is heavily wounded.
You hit the blink frog.
The blink frog is heavily wounded.
The blink frog hits you! The blink frog closely misses you.
You miss the blink frog.
The blink frog is heavily wounded.
The blink frog hits you.
* * * LOW HITPOINT WARNING * * *
You hit the blink frog.
The blink frog is severely wounded.
You barely miss the blink frog.
The blink frog is severely wounded.
The blink frog hits you.
* * * LOW HITPOINT WARNING * * *
You hit the blink frog.
The blink frog is almost dead.
The blink frog hits you!
* * * LOW HITPOINT WARNING * * *
You hit the blink frog.
The blink frog is almost dead.
The blink frog closely misses you.
You barely miss the blink frog.
The blink frog is almost dead.
The blink frog hits you but does no damage.
You completely miss the blink frog.
The blink frog is almost dead.
The blink frog hits you!
You die...

##..............##...#....
#.....#.P........##.....##
##......P.P.....###...####
#.#.....P......###...###.
#.#...P..........#.#.##..
#.....P............#....#
#......####......#..##..#
#..PP..#.>#P.....#..##..#
##..P..'@F#............##
#.....####.P.P.......###
#.......P...P........#..
##[)[P.....P............
#.....PP............#..
##P...P.......[........
###....P.##...#....##.
###....#.........#..
##................


You could see a blink frog.

Vanquished Creatures
  Pikel (D:4)
  2 hornets (D:8)
  6 yaks (D:8)
  2 water moccasins
  2 sky beasts
  An ice beast (D:7)
  An orc warrior (D:8)
  An ogre (D:5)
  3 black bears
  A wolf (D:8)
  4 centaurs
  2 phantoms
  A kobold brigand (D:7)
  A lemure (D:3)
  3 bullfrogs
  3 scorpions
  4 hounds
  A jelly (D:5)
  4 orc priests
  A gnoll bouda (D:7)
  A sleepcap (D:4)
  2 iguanas
  7 orc wizards
  10 gnolls
  9 adders
  4 shadow imps
  2 white imps
  An ufetubus (D:6)
  A worm (D:3)
  3 dart slugs
  12 orcs
  12 endoplasms
  6 giant cockroaches
  6 goblins
  9 hobgoblins
  3 jackals (D:2)
  9 quokkas
  8 ball pythons
  2 bats
  7 frilled lizards
  8 kobolds
  4 rats
170 creatures vanquished.

Vanquished Creatures (others)
  15 fungi (D:8)
  14 plants
29 creatures vanquished.

Grand Total: 199 creatures vanquished

Notes
Turn   | Place    | Note
-------+----------+-------------------------------------------
     0 | D:1      | MacCMillion the Formicid Fighter began the quest for the
                  | Orb.
     0 | D:1      | Reached XP level 1. HP: 18/18 MP: 1/1
   233 | D:1      | Reached XP level 2. HP: 24/24 MP: 2/2
   270 | D:1      | You fall into a shaft and drop 1 floor!
   827 | D:1      | Reached XP level 3. HP: 29/29 MP: 3/3
   859 | D:1      | Reached skill level 3 in Axes
  1138 | D:2      | Reached XP level 4. HP: 29/35 MP: 4/4
  1369 | D:2      | Reached skill level 4 in Axes
  2352 | D:3      | Found an ornate altar of the Wu Jian Council.
  2363 | D:3      | Found a burning altar of Makhleb.
  2400 | D:3      | Noticed a scorpion
  2407 | D:3      | Killed a scorpion
  2408 | D:3      | Reached skill level 5 in Axes
  2408 | D:3      | Reached XP level 5. HP: 23/41 MP: 5/5
  2897 | D:4      | Noticed a lemure
  2897 | D:4      | Noticed a lemure
  2897 | D:4      | Noticed a lemure
  2897 | D:4      | Noticed Pikel
  2901 | D:4      | Noticed a lemure
  2910 | D:3      | Killed a lemure
  3000 | D:4      | Reached XP level 6. HP: 45/47 MP: 6/6
  3103 | D:3      | You fall into a shaft and drop 3 floors!
  3249 | D:6      | Noticed a sky beast
  3272 | D:6      | Killed a sky beast
  3273 | D:6      | Reached skill level 1 in Throwing
  3565 | D:5      | Entered Level 5 of the Dungeon
  3699 | D:5      | Reached skill level 6 in Axes
  3711 | D:5      | Reached XP level 7. HP: 46/54 MP: 7/7
  4476 | D:4      | Noticed a water moccasin
  4754 | D:4      | Found a staircase to the Ecumenical Temple.
  4772 | Temple   | Entered the Ecumenical Temple
  4810 | Temple   | Became a worshipper of Warmaster Okawaru
  4978 | D:4      | Found Pawaelor's Book Shoppe.
  5085 | D:4      | Killed Pikel
  5085 | D:4      | Reached * piety under Okawaru
  5086 | D:4      | Reached skill level 5 in Fighting
  5086 | D:4      | Reached skill level 7 in Axes
  5086 | D:4      | Reached XP level 8. HP: 26/62 MP: 8/8
  5304 | D:4      | Found Epteirph's General Store.
  5311 | D:4      | Bought a scroll of identify for 24 gold pieces
  5557 | D:5      | Reached skill level 1 in Invocations
  5743 | D:5      | Reached skill level 8 in Axes
  6411 | D:5      | Reached ** piety under Okawaru
  6435 | D:6      | Reached XP level 9. HP: 68/68 MP: 11/11
  6611 | D:6      | Reached skill level 9 in Axes
  7489 | D:7      | Reached skill level 5 in Invocations
  7556 | D:7      | Reached skill level 10 in Axes
  7784 | D:7      | Reached *** piety under Okawaru
  7970 | D:7      | Noticed a cyclops
  8333 | D:7      | Reached XP level 10. HP: 62/74 MP: 13/13
  8774 | D:8      | Reached skill level 11 in Axes
  8997 | D:8      | Reached skill level 12 in Axes
  9339 | D:8      | Found a staircase to the Lair.
  9352 | D:8      | Reached **** piety under Okawaru
  9754 | D:8      | Reached skill level 13 in Axes
 10459 | Lair:1   | Entered Level 1 of the Lair of Beasts
 10553 | D:8      | Mangled by a blink frog

Illustrated notes

Levels and vault maps discovered:
D:1:      erik_arrival_triangle_small, layout_basic,
          minmay_misc_feat_four_crosses
D:2:      minmay_angry_zag, layout_basic, nrook_mini_backslash, hex_tiny
D:3:      minmay_wonky_spiral, layout_rooms, mainiacjoe_overflow_catwalk_spiral
D:4:      minmay_spotlight, layout_loops_ring, minmay_temple_entry_waves,
          serial_shops, nicolae_shop_waterfront, nicolae_diamond_shop,
          uniq_pikel
D:5:      layout_basic
D:6:      nicolae_whirlpool, layout_rooms
D:7:      nzn_winding_woodlands_small [nzn_winding_woodlands_5x15_parted,
          nzn_winding_woodlands_center_lodge,
          nzn_winding_woodlands_5x15_lazy_stream], layout_rooms
D:8:      layout_cave_pools, grunt_lair_entry_orc_guard_hut,
          serial_column_ruins, column_ruins_open_medium_water,
          column_ruins_grid_1, column_ruins_columns_corner,
          column_ruins_columns_straight, column_ruins_grid_4,
          column_ruins_columns_straight
Temple:   hellmonk_temple_of_storms
Lair:1:   layout_regular_city, grunt_forest_small_clearing_treed

Skill      XL: |  1  2  3  4  5  6  7  8  9 10 |
---------------+-------------------------------+-----
Axes           | 3 5 6 7 8 10 13 | 13.1
Throwing       | 1 3 |  3.0
Fighting       | 4 5 |  5.0
Armour         | 4 |  4.9
Invocations    | 3 5 |  5.0
Shields        | |  4.0

Action                     |  1- 3 |  4- 6 |  7- 9 | 10-12 || total
---------------------------+-------+-------+-------+-------++-------
  Melee: War axe           |    66 |   111 |       |       ||   177
         Hand axe          |       |    86 |   322 |   169 ||   577
  Throw: Dart              |       |       |     5 |       ||     5
         Boomerang         |       |       |     5 |       ||     5
 Invoke: Heroism           |       |       |       |     3 ||     3
Ability: Shaft Self        |       |     1 |       |       ||     1
         Dig               |       |       |       |     3 ||     3
    Use: Scroll            |       |       |     9 |       ||     9
         Potion            |       |       |       |     2 ||     2
 Armour: Scale mail        |    28 |    79 |       |       ||   107
         Chain mail        |       |       |   156 |    69 ||   225
  Dodge: Dodged            |    24 |    68 |   101 |    59 ||   252
  Block: Buckler           |    10 |    40 |    59 |    30 ||   139

Table legend: (Time is in decaauts)
 A = Elapsed time spent in this place.
 B = Non-inter-level travel time spent in this place.
 C = Inter-level travel time spent in this place.
 D = Time resting spent in this place.
 E = Time spent auto-exploring this place.
 F = Levels seen in this place.
 G = Mean time per level.
                   A        B        C        D        E       F      G
               +--------+--------+--------+--------+--------+-----+--------+
         Total |  10562 |  10126 |    436 |   3459 |   4613 |  10 | 1056.2 |
       Dungeon |  10442 |  10006 |    436 |   3457 |   4554 |   8 | 1305.2 |
        Temple |     43 |     43 |      0 |      0 |     18 |   1 |   43.0 |
          Lair |     76 |     76 |      0 |      2 |     41 |   1 |   76.0 |
               +--------+--------+--------+--------+--------+-----+--------+

Top non-repeatable levels by time:
     D:5: 1695 daAuts
     D:8: 1622 daAuts
     D:6: 1541 daAuts
     D:4: 1312 daAuts
     D:7: 1239 daAuts
     D:2: 1204 daAuts
     D:1: 1021 daAuts
     D:3: 804 daAuts
  Lair:1: 76 daAuts
  Temple: 43 daAuts
